NWL
EVERETT AQUASOX @ LOS ANGELES A (SS-A) ANGELS
06/25/2099
 
TOP OF THE 1ST
Everett AquaSox batting - Pitching for Los Angeles A (SS-A) Angels : RHP Mike Williams
Pitching: RHP Mike Williams
Batting: RHB Chris Fahey 0-0: Ground out 4-3 (Groundball, 4, EV 100.0 MPH)
Batting: RHB Tim Skirvin 0-0: Foul Ball, location: 2F
0-1: Fly out, F9 (Line Drive, 9D, EV 110.0 MPH)
Batting: RHB Primo Daniele 0-0: Swinging Strike
0-1: Foul Ball, location: 9LDF
0-2: Foul Ball, location: 3FF
0-2: Ball
1-2: Fly out, F7 (Flyball, 7D, EV 108.8 MPH)
Top of the 1st over - 0 runs, 0 hits, 0 errors, 0 left on base; Everett 0 - Los Angeles A (SS-A) 0
BOTTOM OF THE 1ST
Los Angeles A (SS-A) Angels batting - Pitching for Everett AquaSox : LHP John Franco
Pitching: LHP John Franco
Batting: RHB Adrian Harris 0-0: Called Strike
0-1: Swinging Strike
0-2: Ground out 1-3 (Groundball, 34S, EV 62.5 MPH)
Batting: RHB Steve Scanlon 0-0: SINGLE (Groundball, 6MD, EV 103.1 MPH)
Batting: RHB Valentim Morato 0-0: Ball
1-0: Ball
2-0: Called Strike
2-1: Ball
3-1: Base on Balls
Steve Scanlon to second
Batting: LHB Danny O'Rear 0-0: Ball
1-0: Ball
2-0: Called Strike
2-1: Called Strike
2-2: Fly out, F6 (Popup, 6MD, EV 67.5 MPH)
Batting: RHB Dave Blair 0-0: Ball
1-0: Ball
2-0: Ball
3-0: Called Strike
3-1: Foul Ball, location: 2F
3-2: Foul Ball, location: 5FF
3-2: Ground out U3 (Groundball, 3, EV 91.3 MPH)
Bottom of the 1st over - 0 runs, 1 hit, 0 errors, 2 left on base; Everett 0 - Los Angeles A (SS-A) 0
TOP OF THE 2ND
Everett AquaSox batting - Pitching for Los Angeles A (SS-A) Angels : RHP Mike Williams
Batting: RHB Kyle Hernandez 0-0: Ball
1-0: Called Strike
1-1: Called Strike
1-2: SINGLE (Groundball, 6M, EV 90.6 MPH) (infield hit)
Batting: SHB Brian Sheets 0-0: Foul Ball, location: 5DF
0-1: Ball
1-1: Fly out, F7 (Flyball, 7D, EV 85.0 MPH)
Batting: RHB Scott Mancuso 0-0: Called Strike
0-1: Swinging Strike
0-2: Strikes out swinging
Batting: RHB Justin Bell 0-0: Ball
1-0: Ball
2-0: Fly out, F8 (Flyball, 89D, EV 92.5 MPH)
Top of the 2nd over - 0 runs, 1 hit, 0 errors, 1 left on base; Everett 0 - Los Angeles A (SS-A) 0
BOTTOM OF THE 2ND
Los Angeles A (SS-A) Angels batting - Pitching for Everett AquaSox : LHP John Franco
Batting: RHB Armando Gonzalez 0-0: Ball
1-0: Foul Ball, location: 7LMF
1-1: Called Strike
1-2: SINGLE (Line Drive, 8LS, EV 101.9 MPH)
Batting: RHB Damian Terrazas 0-0: Called Strike
0-1: Ball
1-1: Fly out, F9 (Flyball, 89M, EV 91.3 MPH)
Batting: SHB Pat Watson 0-0: Ball
1-0: Foul Ball, location: 2F
1-1: Ball
2-1: Foul Ball, location: 25F
2-2: Grounds into double play, 2-4-3 (Groundball, 15S, EV 68.1 MPH)
Bottom of the 2nd over - 0 runs, 1 hit, 0 errors, 0 left on base; Everett 0 - Los Angeles A (SS-A) 0
TOP OF THE 3RD
Everett AquaSox batting - Pitching for Los Angeles A (SS-A) Angels : RHP Mike Williams
Batting: RHB Nick Valdez 0-0: Ball
1-0: Called Strike
1-1: Hit by Pitch
Batting: SHB Jim Rogerson 0-0: Ball
1-0: Called Strike
Nick Valdez is caught stealing 2nd base 2-6
1-1: Ball
2-1: Foul Ball, location: 2F
2-2: Strikes out swinging
Batting: RHB Chris Fahey 0-0: Ball
1-0: Ball
2-0: Called Strike
2-1: Ball
3-1: Foul Ball, location: 5F
3-2: SINGLE (Groundball, 4D, EV 96.9 MPH)
Batting: RHB Tim Skirvin 0-0: Called Strike
Chris Fahey is caught stealing 2nd base 2-4
Top of the 3rd over - 0 runs, 1 hit, 0 errors, 0 left on base; Everett 0 - Los Angeles A (SS-A) 0
BOTTOM OF THE 3RD
Los Angeles A (SS-A) Angels batting - Pitching for Everett AquaSox : LHP John Franco
Batting: RHB Mario Hernandez 0-0: Swinging Strike
0-1: Ball
1-1: Foul Ball, location: 9LDF
1-2: Hit by Pitch
Batting: RHB Adrian Harris 0-0: Swinging Strike
0-1: Ball
1-1: Fly out, F8 (Flyball, 8LM, EV 73.8 MPH)
Batting: RHB Steve Scanlon 0-0: Ball
1-0: Called Strike
1-1: Ball
2-1: Called Strike
2-2: Strikes out swinging
Batting: RHB Valentim Morato 0-0: Ball
1-0: Foul Ball, location: 2F
1-1: Ball
2-1: Ground out 5-3 (Groundball, 5S, EV 90.6 MPH)
Bottom of the 3rd over - 0 runs, 0 hits, 0 errors, 1 left on base; Everett 0 - Los Angeles A (SS-A) 0
TOP OF THE 4TH
Everett AquaSox batting - Pitching for Los Angeles A (SS-A) Angels : RHP Mike Williams
Batting: RHB Tim Skirvin 0-0: Ball
1-0: Foul Ball, location: 3FF
1-1: DOUBLE (Line Drive, 7LS, EV 90.6 MPH)
Batting: RHB Primo Daniele 0-0: Ball
1-0: Ball
2-0: Ball
3-0: Base on Balls
Batting: RHB Kyle Hernandez 0-0: Ground out 5-3 (Groundball, 56S, EV 72.5 MPH)
Tim Skirvin to third
Primo Daniele to second
Batting: SHB Brian Sheets 0-0: SINGLE (Groundball, 34D, EV 103.8 MPH)
Tim Skirvin scores
Primo Daniele to third
Runner from 3rd tries for Home, SAFE, throw by RF to home
Brian Sheets to second
Batting: RHB Scott Mancuso 0-0: Ball
1-0: Fly out, F3 (Popup, 3SF, EV 66.3 MPH)
Batting: RHB Justin Bell 0-0: Ball
1-0: Ball
2-0: Called Strike
2-1: Ground out 6-3 (Groundball, 6, EV 90.6 MPH)
Top of the 4th over - 2 runs, 2 hits, 0 errors, 1 left on base; Everett 2 - Los Angeles A (SS-A) 0
BOTTOM OF THE 4TH
Los Angeles A (SS-A) Angels batting - Pitching for Everett AquaSox : LHP John Franco
Batting: LHB Danny O'Rear 0-0: Ball
1-0: Swinging Strike
1-1: Ground out 4-3 (Groundball, 34, EV 97.5 MPH)
Batting: RHB Dave Blair 0-0: Ball
1-0: Swinging Strike
1-1: Ball
2-1: Foul Ball, location: 23F
2-2: Foul Ball, location: 25F
2-2: Foul Ball, location: 2F
2-2: Foul Ball, location: 2F
2-2: SOLO HOME RUN (Flyball, 7D, EV 94.4 MPH), Distance : 358 ft
Batting: RHB Armando Gonzalez 0-0: Ball
1-0: Foul Ball, location: 9LSF
1-1: Called Strike
1-2: Ball
2-2: Strikes out swinging
Batting: RHB Damian Terrazas 0-0: Ball
1-0: Foul Ball, location: 3FF
1-1: SOLO HOME RUN (Flyball, 78XD, EV 105.6 MPH), Distance : 408 ft
Batting: SHB Pat Watson 0-0: Called Strike
0-1: Foul Ball, location: 7LMF
0-2: Ball
1-2: Ball
2-2: Ball
3-2: Foul Ball, location: 5FF
3-2: Base on Balls
Batting: RHB Mario Hernandez 0-0: Called Strike
0-1: Ground out 4-3 (Groundball, 4, EV 85.6 MPH)
Bottom of the 4th over - 2 runs, 2 hits, 0 errors, 1 left on base; Everett 2 - Los Angeles A (SS-A) 2
TOP OF THE 5TH
Everett AquaSox batting - Pitching for Los Angeles A (SS-A) Angels : RHP Mike Williams
Batting: RHB Nick Valdez 0-0: Ball
1-0: SINGLE (Groundball, 34, EV 101.9 MPH)
Batting: SHB Jim Rogerson 0-0: Called Strike
0-1: Foul Ball, location: 2F
0-2: Ball
1-2: Grounds into double play, 6-4-3 (Groundball, 6, EV 106.3 MPH)
Batting: RHB Chris Fahey 0-0: Called Strike
0-1: Ground out 4-3 (Groundball, 4S, EV 81.3 MPH)
Top of the 5th over - 0 runs, 1 hit, 0 errors, 0 left on base; Everett 2 - Los Angeles A (SS-A) 2
BOTTOM OF THE 5TH
Los Angeles A (SS-A) Angels batting - Pitching for Everett AquaSox : LHP John Franco
Batting: RHB Adrian Harris 0-0: Swinging Strike
0-1: Fly out, F8 (Flyball, 8RD, EV 78.1 MPH)
Batting: RHB Steve Scanlon 0-0: Ball
1-0: Ball
2-0: Called Strike
2-1: Fly out, F9 (Flyball, 89S, EV 91.9 MPH)
Batting: RHB Valentim Morato 0-0: Ball
1-0: Fly out, F9 (Flyball, 9LM, EV 88.1 MPH)
Bottom of the 5th over - 0 runs, 0 hits, 0 errors, 0 left on base; Everett 2 - Los Angeles A (SS-A) 2
TOP OF THE 6TH
Everett AquaSox batting - Pitching for Los Angeles A (SS-A) Angels : RHP Mike Williams
Batting: RHB Tim Skirvin 0-0: Called Strike
0-1: Ball
1-1: Foul Ball, location: 2F
1-2: Strikes out looking
Batting: RHB Primo Daniele 0-0: Fly out, F9 (Flyball, 89S, EV 81.9 MPH)
Batting: RHB Kyle Hernandez 0-0: Called Strike
0-1: Foul Ball, location: 2F
0-2: SINGLE (Groundball, 6MD, EV 110.0 MPH)
Batting: SHB Brian Sheets 0-0: Ball
1-0: Ball
2-0: Foul Ball, location: 2F
2-1: Called Strike
2-2: Ball
3-2: Strikes out swinging
Top of the 6th over - 0 runs, 1 hit, 0 errors, 1 left on base; Everett 2 - Los Angeles A (SS-A) 2
BOTTOM OF THE 6TH
Los Angeles A (SS-A) Angels batting - Pitching for Everett AquaSox : LHP John Franco
Pitching: RHP Ramon Laguna
Batting: LHB Danny O'Rear 0-0: Ground out 1-3 (Groundball, P, EV 71.9 MPH)
Batting: RHB Dave Blair 0-0: Swinging Strike
0-1: Ball
1-1: Fly out, F8 (Line Drive, 8LM, EV 94.4 MPH)
Batting: RHB Armando Gonzalez 0-0: Fly out, F8 (Flyball, 8RM, EV 86.9 MPH)
Bottom of the 6th over - 0 runs, 0 hits, 0 errors, 0 left on base; Everett 2 - Los Angeles A (SS-A) 2
TOP OF THE 7TH
Everett AquaSox batting - Pitching for Los Angeles A (SS-A) Angels : RHP Mike Williams
Batting: RHB Scott Mancuso 0-0: Ground out 4-3 (Groundball, 4, EV 76.9 MPH)
Batting: RHB Justin Bell 0-0: Called Strike
0-1: Fly out, F8 (Flyball, 8LM, EV 93.8 MPH)
Batting: RHB Nick Valdez 0-0: Ball
1-0: Called Strike
1-1: Ball
2-1: SINGLE (Groundball, 6MD, EV 106.9 MPH)
Batting: SHB Jim Rogerson 0-0: Called Strike
0-1: Ball
1-1: Ball
2-1: Ball
3-1: Base on Balls
Nick Valdez to second
Pitching: RHP Raul Bautista
Batting: RHB Chris Fahey 0-0: Ball
1-0: Foul Ball, location: 2F
1-1: Ball
2-1: Foul Ball, location: 5F
2-2: Strikes out swinging
Top of the 7th over - 0 runs, 1 hit, 0 errors, 2 left on base; Everett 2 - Los Angeles A (SS-A) 2
BOTTOM OF THE 7TH
Los Angeles A (SS-A) Angels batting - Pitching for Everett AquaSox : RHP Ramon Laguna
Batting: SHB Jarod Heckman 0-0: Ball
1-0: Swinging Strike
1-1: Ball
2-1: Foul Ball, location: 5SF
2-2: Ball
3-2: Foul Ball, location: 7LSF
3-2: Base on Balls
Batting: SHB Pat Watson 0-0: Ball
1-0: Foul Ball, location: 3FF
1-1: Foul Ball, location: 2F
1-2: Strikes out swinging
Batting: RHB Mario Hernandez 0-0: Swinging Strike
0-1: Foul Ball, location: 2F
0-2: Ball
1-2: Strikes out swinging
Jarod Heckman is caught stealing 2nd base 2-4
Batter strikes out.
Bottom of the 7th over - 0 runs, 0 hits, 0 errors, 0 left on base; Everett 2 - Los Angeles A (SS-A) 2
TOP OF THE 8TH
Everett AquaSox batting - Pitching for Los Angeles A (SS-A) Angels : RHP Raul Bautista
Batting: RHB Tim Skirvin 0-0: Fly out, F3 (Popup, 3SF, EV 86.9 MPH)
Batting: RHB Primo Daniele 0-0: Called Strike
0-1: Foul Ball, location: 2F
0-2: Strikes out looking
Batting: RHB Kyle Hernandez 0-0: Called Strike
0-1: Called Strike
0-2: Strikes out looking
Top of the 8th over - 0 runs, 0 hits, 0 errors, 0 left on base; Everett 2 - Los Angeles A (SS-A) 2
BOTTOM OF THE 8TH
Los Angeles A (SS-A) Angels batting - Pitching for Everett AquaSox : RHP Ramon Laguna
Batting: RHB Adrian Harris 0-0: Called Strike
0-1: Called Strike
0-2: Ball
1-2: Strikes out looking
Batting: RHB Steve Scanlon 0-0: Ball
1-0: Ball
2-0: Called Strike
2-1: Ground out 6-3 (Groundball, 56, EV 90.0 MPH)
Batting: RHB Valentim Morato 0-0: Called Strike
0-1: Ball
1-1: Ball
2-1: Foul Ball, location: 2F
2-2: Foul Ball, location: 3F
2-2: Strikes out swinging
Bottom of the 8th over - 0 runs, 0 hits, 0 errors, 0 left on base; Everett 2 - Los Angeles A (SS-A) 2
TOP OF THE 9TH
Everett AquaSox batting - Pitching for Los Angeles A (SS-A) Angels : RHP Raul Bautista
Batting: SHB Brian Sheets 0-0: Fly out, F8 (Flyball, 8LD, EV 103.8 MPH)
Batting: RHB Scott Mancuso 0-0: Swinging Strike
0-1: Ball
1-1: Ground out 5-3 (Groundball, 56S, EV 84.4 MPH)
Batting: RHB Justin Bell 0-0: Foul Ball, location: 2F
0-1: Ball
1-1: Fly out, F7 (Flyball, 7D, EV 94.4 MPH)
Top of the 9th over - 0 runs, 0 hits, 0 errors, 0 left on base; Everett 2 - Los Angeles A (SS-A) 2
BOTTOM OF THE 9TH
Los Angeles A (SS-A) Angels batting - Pitching for Everett AquaSox : RHP Ramon Laguna
Pitching: LHP Jonathan Sixtos
Pinch Hitting: RHB Ken Bahr 0-0: Called Strike
0-1: Swinging Strike
0-2: Ball
1-2: Strikes out swinging
Pitching: LHP Alfredo Gurrola
Batting: RHB Dave Blair 0-0: Ball
1-0: Ball
2-0: Called Strike
2-1: Foul Ball, location: 2F
2-2: Reached on error, E4 (Groundball, 4S, EV 70.0 MPH)
Batting: RHB Armando Gonzalez 0-0: Intentional Walk
Batting: RHB Roberto Hernandez 0-0: SINGLE (Groundball, 4D, EV 108.1 MPH)
Dave Blair to third
Armando Gonzalez to second
Runner from 3rd tries for Home, SAFE, throw by CF to home
Bottom of the 9th over - 1 run, 1 hit, 1 error, 2 left on base; Everett 2 - Los Angeles A (SS-A) 3
Friday, May 10th , 2024 - OOTP Baseball 24.11 Build 85